 Dungeon Crawl Stone Soup version 0.30-a0-55-g90e3122c3a (webtiles) character file.

Game seed: 10035858901481996030

7338 IdlyInterested the Fighter (level 10, -1/86 HPs)
             Began as a Demonspawn Artificer on Sept 9, 2022.
             Killed from afar by an acid dragon (19 damage)
             ... with a splash of acid
             ... on level 10 of the Dungeon.
             The game lasted 00:35:09 (13973 turns).

IdlyInterested the Fighter (Demonspawn Artificer)  Turns: 13973, Time: 00:35:10

Health: -1/86      AC: 21    Str: 15    XL:     10   Next: 91%
Magic:  13/13      EV: 11    Int: 15    God:
Gold:   186        SH:  0    Dex: 13    Spells: 13/13 levels left

rFire   . . .      SeeInvis +      - Unarmed
rCold   . . .      Faith    .    (no shield)
rNeg    . . .      Spirit   .    t - +2 ring mail {Will+}
rPois   .          Reflect  .    (no helmet)
rElec   .          Harm     .    O - +0 cloak
rCorr   .          Rampage  .    (no gloves)
Will    ++...                    (no boots)
Stlth   +.........               o - amulet of the acrobat
HPRegen 0.24/turn                n - ring of see invisible
MPRegen 0.13/turn                w - ring of willpower

@: sanguine armoured
A: powered by death 1, sanguine armour 3, demonic magic 1, demonic touch 2
a: no special abilities


You were on level 10 of the Dungeon.
You visited 2 branches of the dungeon, and saw 11 of its levels.
You also visited: Ossuary.

You collected 606 gold pieces.
You spent 420 gold pieces at shops.

Inventory:

Hand Weapons
 k - a +1 vampiric dagger
 s - a +0 short sword of freezing
Missiles
 q - 22 poisoned darts (quivered)
 E - 5 atropa-tipped darts
 G - a curare-tipped dart
 J - 3 boomerangs
Armour
 t - a +2 ring mail of willpower (worn)
 L - a +0 plate armour
 O - a +0 cloak (worn)
Magical Staves
 j - a staff of cold
Jewellery
 a - a ring of resist corrosion
 n - a ring of see invisible (left hand)
 o - an amulet of the acrobat (around neck)
 w - a ring of willpower (right hand)
 M - a ring of positive energy
Wands
 c - a wand of flame (3)
 d - a wand of charming (9)
 e - a wand of iceblast (2)
 r - a wand of polymorph (4)
 A - a wand of roots (4)
 K - a wand of paralysis (6)
 N - a wand of digging (4)
Scrolls
 b - a scroll of enchant armour
 g - 6 scrolls of teleportation
 m - 2 scrolls of poison
 y - 3 scrolls of butterflies
 z - 4 scrolls of vulnerability
 F - 3 scrolls of enchant weapon
 I - a scroll of amnesia
Potions
 f - 5 potions of curing
 h - a potion of magic
 i - 7 potions of attraction
 p - 2 potions of mutation
 u - 2 potions of haste
 v - 4 potions of heal wounds
 x - 2 potions of might
 B - a potion of cancellation {unknown}
 C - a potion of brilliance {unknown}
 D - a potion of ambrosia {unknown}
 H - 5 potions of flight
Miscellaneous
 l - a box of beasts (inert)


   Skills:
 * Level 10.4 Fighting
 + Level 2.9 Staves
 - Level 1.0 Throwing
 - Level 4.0 Armour
 - Level 2.0 Dodging
 - Level 1.0 Stealth
 * Level 8.7 Unarmed Combat
 - Level 2.0 Spellcasting
 - Level 2.0 Ice Magic
 + Level 7.0 Evocations


You had 13 spell levels left.
You didn't know any spells.
Your spell library contained the following spells:

 Spells                   Type           Power      Damage    Failure   Level
 Sting                    Tmut/Pois      4%         1d3       38%         1
 Poisonous Vapours        Pois/Air       2%         N/A       52%         2
 Gell's Gravitas          Tloc           1%         N/A       77%         3
 Ignite Poison            Fire/Tmut/Pois 1%         N/A       77%         3
 Lesser Beckoning         Tloc           1%         N/A       77%         3
 Mephitic Cloud           Conj/Pois/Air  1%         N/A       77%         3
 Teleport Other           Tloc           1%         N/A       77%         3
 Olgreb's Toxic Radiance  Pois           1%         N/A       99%         4
 Alistair's Intoxication  Tmut/Pois      0%         N/A       100%        5
 Borgnjor's Vile Clutch   Necr/Erth      0%         N/A       100%        5
 Freezing Cloud           Conj/Ice/Air   1%         6-21      100%        5
 Eringya's Noxious Bog    Tmut/Pois      0%         N/A       100%        6


Dungeon Overview and Level Annotations

Branches:
Dungeon (10/15)            Temple (1/1) D:6         Ossuary (visited)
   Lair: D:8-11         Orc: D:9-12

Altars:
Ashenzari
Cheibriados
Dithmenos
Fedhas
Gozag
Hepliaklqana
Kikubaaqudgha
Makhleb
Nemelex Xobeh
Okawaru
Qazlal
Ru
Sif Muna
Trog
Uskayaw
Vehumet
Wu Jian
Xom
Yredelemnul

Shops:
D:5 :


Innate Abilities, Weirdness & Mutations

You regenerate a little health from kills.
When seriously injured, your blood forms very thick armour. (AC +12)
Spells you cast may paralyse adjacent enemies.
Your touch may inflict irresistible damage on your foes.


Message History

The kobold brigand is severely wounded.
The kobold brigand barely misses you. The kobold brigand misses you.
You punch the kobold brigand!
You kill the kobold brigand!
You feel yourself speed up.
You hit the kobold but do no damage. You punch the kobold, but do no damage.
The kobold barely misses you.
You closely miss the kobold.
You touch the kobold.
You kill the kobold!
An acid dragon comes into view.
Items here: (( )) ††.
G - 5 curare-tipped darts (gained 1)
The acid dragon roars!
The acid dragon spits acid at you. The splash of acid hits you!!
* * * LOW HITPOINT WARNING * * *
You feel much better.
Throw: 5 darts (curare)
Press: ? - help, Shift-Dir - straight line, f - acid dragon
Aim: an acid dragon (catching its breath, 63% to hit)
You throw a curare-tipped dart.
The curare-tipped dart hits the acid dragon.
Throw: 4 darts (curare)
Press: ? - help, Shift-Dir - straight line, f/p - acid dragon
Aim: an acid dragon (catching its breath, 63% to hit)
You throw a curare-tipped dart.
The curare-tipped dart hits the acid dragon.
Throw: 3 darts (curare)
Press: ? - help, Shift-Dir - straight line, f/p - acid dragon
Aim: an acid dragon (catching its breath, 63% to hit)
You throw a curare-tipped dart.
The curare-tipped dart hits the acid dragon.
Throw: 2 darts (curare)
Press: ? - help, Shift-Dir - straight line, f/p - acid dragon
Aim: an acid dragon (63% to hit)
You throw a curare-tipped dart.
The curare-tipped dart closely misses the acid dragon.
The acid dragon spits acid at you. The splash of acid hits you!!
You die...

.........##.
#####......((.. .
........)......
#.######.......#
......#(...(.#.#
......'...D......
...~~.#.#.........
.~~~....'.........
..~...#@#.........
......#.#.....#...
#######+#####.#.........
#.....# #...#.......
#.###.#+###...#......~
#.#........:..#
#.#...........#
#.#.........#.#
####.###########.#


You could see an acid dragon (catching breath).

Vanquished Creatures
  2 two-headed ogres
  A troll (D:10)
  Grinder (D:5)
  A hornet (D:9)
  2 shadows (D:9)
  2 wraiths (D:10)
  6 yaks
  A wyvern (D:7)
  A steam dragon (D:7)
  A basilisk (D:9)
  Menkaure (D:5)
  A water moccasin (D:6)
  A sky beast (D:6)
  An orc warrior (D:9)
  2 ice beasts
  2 black bears
  3 centaurs (D:9)
  2 phantoms
  3 kobold brigands
  2 gnoll sergeants (D:9)
  2 necrophages
  5 bullfrogs
  5 wights (D:9)
  6 killer bees
  A howler monkey (D:6)
  Crazy Yiuf (D:2)
  4 hounds
  4 orc priests
  Terence (D:2)
  2 iguanas
  Natasha (thrice) (D:4)
  2 orc wizards (D:9)
  A mummy (Ossuary)
  6 gnolls
  3 adders
  5 shadow imps
  2 ufetubi (D:5)
  A worm (D:4)
  A dart slug (D:1)
  30 orcs
  2 spectral bats (Ossuary)
  6 ball pythons
  6 endoplasms
  6 giant cockroaches
  8 goblins
  8 hobgoblins
  4 jackals
  13 kobolds
  A quokka (D:3)
  4 bats
  2 bat simulacra (Ossuary)
  4 frilled lizards
  12 gnoll zombies (Ossuary)
  A goblin simulacrum (Ossuary)
  4 goblin zombies (Ossuary)
  3 hobgoblin zombies (Ossuary)
  2 kobold simulacra (Ossuary)
  5 kobold zombies (Ossuary)
  6 orc zombies (Ossuary)
  14 rats
  6 rat simulacra (Ossuary)
  3 spectral goblins (Ossuary)
  2 spectral kobolds (Ossuary)
  5 spectral rats (Ossuary)
248 creatures vanquished.

Vanquished Creatures (collateral kills)
  A troll (D:9)
  A swamp drake (D:6)
  A gnoll (D:2)
  A jackal (D:1)
4 creatures vanquished.

Vanquished Creatures (others)
  A troll (D:9)
  A vampire (D:9)
  An orc wizard (D:9)
  An endoplasm (D:1)
  A jackal (D:1)
  5 fungi (D:2)
10 creatures vanquished.

Grand Total: 262 creatures vanquished

Notes
Turn   | Place    | Note
-------+----------+-------------------------------------------
     0 | D:1      | IdlyInterested the Demonspawn Artificer began the quest for
                  | the Orb.
     0 | D:1      | Reached XP level 1. HP: 15/15 MP: 1/1
   333 | D:1      | Gained mutation: When seriously injured, your blood forms
                  | armour. (AC +12) [demonic ancestry]
   333 | D:1      | Reached XP level 2. HP: 12/22 MP: 2/2
   338 | D:1      | Reached skill level 1 in Dodging
   355 | D:1      | Reached skill level 2 in Fighting
  1501 | D:1      | Gained mutation: You regenerate a little health from kills.
                  | [demonic ancestry]
  1501 | D:1      | Reached XP level 3. HP: 28/28 MP: 3/3
  1668 | D:1      | Found a faded altar of an unknown god.
  2322 | D:2      | Reached skill level 3 in Fighting
  2370 | D:2      | Gained mutation: When seriously injured, your blood forms
                  | thick armour. (AC +12) [demonic ancestry]
  2370 | D:2      | Reached XP level 4. HP: 16/35 MP: 4/4
  2729 | D:2      | Noticed Terence
  2740 | D:2      | Killed Terence
  3389 | D:2      | Reached skill level 1 in Stealth
  3622 | D:2      | Found a runed translucent door.
  3623 | D:2      | Noticed Crazy Yiuf
  3631 | D:2      | Killed Crazy Yiuf
  3632 | D:2      | Reached skill level 4 in Fighting
  3632 | D:2      | Gained mutation: Your touch may inflict minor irresistible
                  | damage on your foes. [demonic ancestry]
  3632 | D:2      | Reached XP level 5. HP: 26/42 MP: 5/5
  4639 | D:3      | Noticed a phantom
  4648 | D:3      | Killed a phantom
  4649 | D:3      | Reached skill level 1 in Unarmed Combat
  4649 | D:3      | Reached skill level 1 in Spellcasting
  4975 | D:3      | Gained mutation: Your touch may inflict irresistible damage
                  | on your foes. [demonic ancestry]
  4975 | D:3      | Reached XP level 6. HP: 45/49 MP: 6/8
  5582 | D:4      | Noticed Natasha
  5591 | D:4      | Killed Natasha
  5691 | D:4      | Noticed Natasha
  5699 | D:4      | Killed Natasha
  5700 | D:4      | Reached skill level 5 in Fighting
  6157 | D:4      | Noticed Natasha
  6163 | D:4      | Killed Natasha
  6427 | D:5      | Entered Level 5 of the Dungeon
  6962 | D:5      | Gained mutation: When seriously injured, your blood forms
                  | very thick armour. (AC +12) [demonic ancestry]
  6962 | D:5      | Reached XP level 7. HP: 43/56 MP: 10/10
  7203 | D:5      | Noticed Grinder
  7204 | D:5      | Paralysed by Grinder for 5 turns
  7227 | D:5      | Killed Grinder
  7228 | D:5      | Reached skill level 1 in Throwing
  7612 | D:5      | Noticed Menkaure
  7618 | D:5      | Killed Menkaure
  7619 | D:5      | Reached skill level 6 in Fighting
  7646 | D:5      | Reached skill level 1 in Ice Magic
  7646 | D:5      | Gained mutation: Spells you cast may paralyse adjacent
                  | enemies. [demonic ancestry]
  7646 | D:5      | Reached XP level 8. HP: 50/65 MP: 11/11
  7771 | D:5      | Found Lunluw's Self-Improvement Boutique.
  8388 | D:6      | Reached skill level 5 in Unarmed Combat
  8410 | D:6      | Found a staircase to the Ecumenical Temple.
  8418 | Temple   | Entered the Ecumenical Temple
  8560 | D:6      | Reached skill level 7 in Fighting
  8715 | D:6      | Noticed Edmund
  8715 | D:6      | Noticed Sigmund
  8717 | D:6      | Noticed Sigmund
  8717 | D:6      | Sigmund changed into Sigmund the orc
  8718 | D:6      | Noticed Edmund
  8718 | D:6      | Edmund changed into Edmund the swamp drake
  8720 | D:6      | Killed Sigmund the orc
  8727 | D:6      | Killed Edmund the swamp drake
  9052 | D:7      | Found a sand-covered staircase.
  9063 | Ossuary  | Entered an ossuary
  9174 | Ossuary  | Reached skill level 1 in Staves
  9983 | D:7      | Reached XP level 9. HP: 66/71 MP: 12/12
 10273 | D:7      | Reached skill level 5 in Evocations
 10603 | D:7      | Reached skill level 8 in Fighting
 11652 | D:8      | Found a shimmering altar of Xom.
 11657 | D:8      | Found an iron altar of Okawaru.
 11658 | D:8      | Found a broken altar of Ashenzari.
 11658 | D:8      | Found an opulent altar of Gozag.
 11658 | D:8      | Found a shadowy altar of Dithmenos.
 11658 | D:8      | Found a hide-covered altar of Uskayaw.
 11659 | D:8      | Found a burning altar of Makhleb.
 11660 | D:8      | Found a snail-covered altar of Cheibriados.
 11661 | D:8      | Found an ornate altar of the Wu Jian Council.
 11663 | D:8      | Found a blossoming altar of Fedhas.
 12015 | D:9      | Found Feevoyz's Distillery.
 12218 | D:9      | Identified the +4 trident of Conservatism {pain, Str+5}
 12978 | D:9      | Reached skill level 9 in Fighting
 13104 | D:9      | Noticed a two-headed ogre
 13118 | D:9      | Killed a two-headed ogre
 13119 | D:9      | Reached XP level 10. HP: 11/83 MP: 13/13
 13833 | D:9      | Bought a potion of flight for 36 gold pieces
 13833 | D:9      | Bought a potion of haste for 120 gold pieces
 13833 | D:9      | Bought a potion of curing for 36 gold pieces
 13833 | D:9      | Bought a potion of flight for 36 gold pieces
 13833 | D:9      | Bought a potion of mutation for 96 gold pieces
 13833 | D:9      | Bought a potion of attraction for 36 gold pieces
 13833 | D:9      | Bought a potion of heal wounds for 60 gold pieces
 13836 | D:10     | Entered Level 10 of the Dungeon
 13845 | D:10     | Noticed a two-headed ogre
 13857 | D:10     | Killed a two-headed ogre
 13858 | D:10     | Reached skill level 10 in Fighting
 13968 | D:10     | HP: 1/86 [acid dragon/splash of acid (20)]
 13973 | D:10     | Killed from afar by an acid dragon

Illustrated notes

Levels and vault maps discovered:
D:1:      evilmike_arrival_home_sweet_home, layout_basic,
          chequers_ecumenical_altar_grove, minmay_vboxes
D:2:      layout_basic, serial_corexii_hall, chequers_hall_statues_y,
          chequers_hall_statues_corner_a, wander_ebering_terrifying_dragon_lair,
          uniq_crazy_yiuf_cottage, uniq_terence
D:3:      layout_basic
D:4:      layout_basic, minmay_checkerbox, uniq_natasha
D:5:      layout_loops_ring, nicolae_shop_self_help, uniq_grinder, uniq_menkaure
D:6:      layout_rooms, minmay_temple_entry_junction, sigmund_edmund_badplayer
D:7:      layout_basic, enter_ossuary_1
D:8:      layout_gridville, minitemple, corexii_checkpoint_a
D:9:      minmay_bubble_buster, layout_rooms, serial_curves, eino_curves_04,
          eino_curves_03, serial_shops, nicolae_stop_n_shop_1,
          lightli_orcish_oven
D:10:     layout_basic, erik_lair_island, enter_bailey_5,
          kennysheep_generic_room_2
Temple:   nicolae_temple_ecumenical_triangle

Skill      XL: |  1  2  3  4  5  6  7  8  9 10 |
---------------+-------------------------------+-----
Armour         | 2 3 4 |  4.0
Dodging        | 1 2 |  2.0
Fighting       | 2 3 4 5 6 7 9 10 | 10.4
Stealth        | 1 |  1.0
Unarmed Combat | 1 2 4 5 7 8 |  8.7
Spellcasting   | 1 2 |  2.0
Throwing       | 1 |  1.0
Ice Magic      | 1 2 |  2.0
Evocations     | 4 6 7 |  7.0
Staves         | 1 2 |  2.9

Action                   |  1- 3 |  4- 6 |  7- 9 | 10-12 || total
-------------------------+-------+-------+-------+-------++-------
Melee: Club              |   102 |       |       |       ||   102
       Punch             |     1 |     2 |    13 |     7 ||    23
       Mace              |    62 |       |       |       ||    62
       Flail             |       |    92 |       |       ||    92
       Unarmed           |       |    88 |   471 |   108 ||   667
       Touch             |       |    30 |   108 |    26 ||   164
Throw: Dart              |     4 |     6 |     6 |    12 ||    28
Evoke: Wand              |    10 |     6 |     6 |     5 ||    27
       Box of beasts     |       |       |     1 |     1 ||     2
  Use: Scroll            |     5 |     6 |     8 |       ||    19
       Potion            |     1 |       |     1 |     2 ||     4
 Stab: Distracted        |     1 |       |       |     1 ||     2
       Sleeping          |       |     1 |       |       ||     1
Armor: Leather armour    |    71 |       |       |       ||    71
       Ring mail         |       |    48 |   151 |    57 ||   256
       Scale mail        |       |    14 |       |       ||    14
Dodge: Dodged            |   144 |    71 |   229 |    78 ||   522

Table legend: (Time is in decaauts)
 A = Elapsed time spent in this place.
 B = Non-inter-level travel time spent in this place.
 C = Inter-level travel time spent in this place.
 D = Time resting spent in this place.
 E = Time spent auto-exploring this place.
 F = Levels seen in this place.
 G = Mean time per level.
                   A        B        C        D        E       F      G
               +--------+--------+--------+--------+--------+-----+--------+
         Total |  14033 |  12830 |   1203 |   3459 |   6527 |  12 | 1169.4 |
       Dungeon |  13334 |  12149 |   1185 |   3259 |   6509 |  10 | 1333.4 |
        Temple |     59 |     41 |     18 |      0 |      0 |   1 |   59.0 |
       Ossuary |    639 |    639 |      0 |    200 |     18 |   1 |  639.0 |
               +--------+--------+--------+--------+--------+-----+--------+

Top non-repeatable levels by time:
     D:2: 2042 daAuts
     D:1: 1919 daAuts
     D:9: 1809 daAuts
     D:4: 1467 daAuts
     D:3: 1428 daAuts
     D:7: 1398 daAuts
     D:5: 1397 daAuts
     D:8: 862 daAuts
     D:6: 860 daAuts
 Ossuary: 639 daAuts
    D:10: 148 daAuts
  Temple: 59 daAuts
